 Dungeon Crawl Stone Soup version 0.29.0-4-gdea44cf6ec (webtiles) character file.

Game seed: 7452481615984997490

57 qw the Chopper (level 4, 0/26 HPs)
             Began as a Tengu Warper on Aug 28, 2022.
             Slain by Sigmund
             ... wielding a +0 scythe
              (4 damage)
             ... on level 2 of the Dungeon.
             The game lasted 00:00:10 (1616 turns).

qw the Chopper (Tengu Warper)                       Turns: 1616, Time: 00:00:10

Health: 0/26       AC:  3    Str: 13    XL:     4   Next: 0%
Magic:  8/8        EV: 12    Int: 13    God:
Gold:   74         SH:  0    Dex: 14    Spells: 7/7 levels left

rFire   . . .      SeeInvis .   Y - +0 hand axe
rCold   . . .      Faith    .   (no shield)
rNeg    . . .      Spirit   .   b - +0 leather armour
rPois   .          Reflect  .   (helmet restricted)
rElec   .          Harm     .   (no cloak)
rCorr   .          Rampage  .   (no gloves)
Will    .....                   (boots unavailable)
Stlth   +.........              (no amulet)
HPRegen 0.08/turn               (no ring)
MPRegen 0.11/turn               (no ring)

@: no status effects
A: beak, talons 3
a: no special abilities


You were on level 2 of the Dungeon.
You visited 1 branch of the dungeon, and saw 2 of its levels.

You collected 74 gold pieces.


Innate Abilities, Weirdness & Mutations

You have a beak for a mouth.
You have claws for feet.


   Skills:
 - Level 2.0 Fighting
 + Level 4.5 Axes
 - Level 1.0 Throwing
 - Level 1.1 Armour
 - Level 2.1 Dodging
 - Level 2.0 Spellcasting
 - Level 2.4 Translocations


You had 7 spell levels left.
You didn't know any spells.
Your spell library contained the following spells:

 Spells                   Type           Power      Damage    Failure   Level
 Blink                    Tloc           14%        N/A       19%         2
 Gell's Gravitas          Tloc           7%         N/A       36%         3
 Lesser Beckoning         Tloc           7%         N/A       36%         3
 Teleport Other           Tloc           7%         N/A       36%         3
 Manifold Assault         Tloc           7%         N/A       98%         5

Inventory:

Hand Weapons
 d - a +0 flail
 Y - a +0 hand axe (weapon)
Armour
 b - a +0 leather armour (worn)
 c - a +0 pair of gloves
Scrolls
 e - a scroll of enchant armour {unknown}
Potions
 a - a potion of berserk rage {unknown}
 g - a potion of attraction {unknown}
 h - a potion of degeneration {unknown}

Dungeon Overview and Level Annotations

Branches:
Dungeon (2/15)

Altars:

Shops:
D:1 ?

Annotations:
D:2 Sigmund


Message History

You start resting.
HP restored.
You open the door.
There is an open door here.
You now have 55 gold pieces (gained 14).
You now have 62 gold pieces (gained 7).
You now have 71 gold pieces (gained 9).
You now have 74 gold pieces (gained 3).
There is an open door here.
There is an open door here.
Items here: %%% ))).
There is an open door here.
You see here a +0 club.
A ball python comes into view.
The ball python hisses angrily.
You hit the ball python.
You kill the ball python!
You have reached level 4!
You feel agile.
Sigmund the Dreaded comes into view.
He is wielding a +0 scythe.
Sigmund shouts!
Sigmund giggles. "Time to reap what you sow."
Sigmund casts a spell.
Sigmund flickers and vanishes!
Deactivating autopickup; reactivate with Ctrl-A.
You swing at nothing.
You swing at nothing.
You swing at nothing.
You swing at nothing.
Something hits you!
You swing at nothing.
Something hits you!
You swing at nothing.
You swing at nothing.
You hear some strange, mumbled words.
Something tries to affect you, but you resist.
You swing at nothing.
Something hits you but does no damage.
You swing at nothing.
Something hits you.
You die...

#.#######...#.#.######...#..
##........)..#.#.##### ##.#..
#.....####...#.#.....#
#..............#####.####... ###
#......###........<........#
..###......#.#.#......##.#####.#
..)........#......#....#.#
#...#.....##.#.#..#.##.#.#
###.#.....##.#.#@.#.#.<#.#
#.......##.#.#..# ####..
##.....###.#.#{.# ...
#####..##.#.#..# ### #..........
###.#.#.... #.... #.##..


There were no monsters in sight!

Vanquished Creatures
  A dart slug (D:2)
  4 endoplasms (D:1)
  3 giant cockroaches (D:1)
  11 goblins
  4 hobgoblins
  4 jackals (D:2)
  2 quokkas (D:1)
  6 ball pythons
  6 bats
  2 frilled lizards (D:1)
  3 kobolds (D:1)
  4 rats
50 creatures vanquished.

Notes
Turn   | Place    | Note
-------+----------+-------------------------------------------
     0 | D:1      | qw the Tengu Warper began the quest for the Orb.
     0 | D:1      | Reached XP level 1. HP: 12/12 MP: 4/4
     0 | D:1      | 0 ||| qw: Version: 0.1-a-89-g26bdef1
     0 | D:1      | 0 ||| qw: Game counter: 1268
     0 | D:1      | 0 ||| qw: Always use a shield: true
     0 | D:1      | 0 ||| qw: God list: Okawaru
     0 | D:1      | 0 ||| qw: Allow faded altars: false
     0 | D:1      | 0 ||| qw: Do Orc after D:15 true
     0 | D:1      | 0 ||| qw: Do second Lair branch before Depths: true
     0 | D:1      | 0 ||| qw: Lair rune preference: random
     0 | D:1      | 0 ||| qw: Plans: Normal
     0 | D:1      | 0 ||| PLANNING D:1-11
   114 | D:1      | Found Poydgh's Magic Scroll Shoppe.
   122 | D:1      | 122 ||| SHOPLISTING scroll of enchant weapon (90 gold, have
                  | 0).
   122 | D:1      | 122 ||| SHOPLISTING scroll of teleportation (36 gold, have
                  | 0).
   254 | D:1      | 254 ||| Stepping ~*~*~tactically~*~*~ (stealth).
   255 | D:1      | 255 ||| Stepping ~*~*~tactically~*~*~ (stealth).
   257 | D:1      | Reached XP level 2. HP: 14/17 MP: 6/6
   261 | D:1      | Reached skill level 3 in Axes
   379 | D:1      | 379 ||| Stepping ~*~*~tactically~*~*~ (stealth).
   451 | D:1      | Found a faded altar of an unknown god.
   484 | D:1      | 484 ||| Stepping ~*~*~tactically~*~*~ (stealth).
   490 | D:1      | 490 ||| Stepping ~*~*~tactically~*~*~ (stealth).
   493 | D:1      | 493 ||| Stepping ~*~*~tactically~*~*~ (stealth).
   532 | D:1      | 532 ||| Stepping ~*~*~tactically~*~*~ (stealth).
   543 | D:1      | 543 ||| DROPPING +0 club.
   546 | D:1      | 546 ||| Stepping ~*~*~tactically~*~*~ (stealth).
   548 | D:1      | 548 ||| Stepping ~*~*~tactically~*~*~ (stealth).
   612 | D:1      | Reached XP level 3. HP: 21/21 MP: 7/7
   896 | D:1      | 896 ||| READING scroll labelled BAEBRE TUGG.
   899 | D:1      | 899 ||| READING scroll labelled TORATO PUELE.
   900 | D:1      | 900 ||| DROPPING scroll of blinking.
  1019 | D:2      | 1019 ||| DROPPING +0 whip.
  1024 | D:2      | 1024 ||| Stepping ~*~*~tactically~*~*~ (stealth).
  1026 | D:2      | 1026 ||| Stepping ~*~*~tactically~*~*~ (hiding).
  1029 | D:2      | Reached skill level 4 in Axes
  1193 | D:2      | 1193 ||| Stepping ~*~*~tactically~*~*~ (stealth).
  1600 | D:2      | Reached XP level 4. HP: 26/26 MP: 8/8
  1606 | D:2      | Noticed Sigmund
  1612 | D:2      | HP: 4/26 [something (10)]
  1616 | D:2      | Slain by Sigmund

Levels and vault maps discovered:
D:1:      amcnicky_arrival_single_pillar, layout_loops_cross,
          hellmonk_ecumenical_altar_arch_garden, serial_shops, shop_fountains
D:2:      cheibrodos_greedy_goblins, layout_basic, uniq_terence, uniq_sigmund

Skill      XL: |  1  2  3 |
---------------+----------+-----
Axes           | 3 4 |  4.5
Fighting       | |  2.0
Throwing       | |  1.0
Armour         | |  1.1
Dodging        | |  2.1
Spellcasting   | |  2.0
Translocations | |  2.4

Action                   |  1- 3 |  4- 6 || total
-------------------------+-------+-------++-------
Melee: Hand axe          |    98 |       ||    98
       Kick              |    14 |       ||    14
       Peck              |    12 |       ||    12
Throw: Boomerang         |     7 |       ||     7
  Use: Scroll            |     2 |       ||     2
Armor: Leather armour    |    24 |     1 ||    25
Dodge: Dodged            |    47 |       ||    47

Table legend:
 A = Non-vault XP
 B = Vault XP
 C = Vault XP percentage of total XP
 D = Non-vault monster count
 E = Vault monster count
 F = Vault count percentage of total count
                 A         B        C        D         E       F
            +---------+---------+-------+---------+---------+-------
      Total |      58 |      24 |  29.3 |      38 |      12 |  24.0
            +---------+---------+-------+---------+---------+-------
        D:1 |      40 |       0 |   0.0 |      27 |       0 |   0.0
        D:2 |      18 |      24 |  57.1 |      11 |      12 |  52.2
            +---------+---------+-------+---------+---------+-------
